Map: Central Protocol

Players

Miszu

  • Race: Terran Terran
  • League: Grandmaster

IlIlIlIlIlIl (ShoWTimE) - Winner!

  • Race: Protoss Protoss
  • League: Grandmaster

VOD

Have the link to the VOD?

Description

Time

  • Played on: Feb. 14, 2016, 9:19 a.m.
  • Length: 10:52
Show
View Real Time Build Order
Export as new Build Order

Miszu Terran 

Build Orders: MMM Bio 

Get SALT Encoding   

  12  0:00  SCV  
  13  0:13  SCV  
  14  0:17  Supply Depot  
  14  0:25  SCV  
  14  0:27  Refinery  
  15  0:39  SCV  
  16  0:45  Barracks  
  16  0:51  SCV  
  17  1:03  SCV  
  18  1:09  Barracks  
  18  1:19  SCV  
  18  1:25  Barracks  
  20  1:32  Reaper  
  20  1:35  Refinery  
  20  1:47  Supply Depot  
  20  1:55  SCV  
  20  1:56  Reaper  
  22  2:05  Reaper  
  23  2:11  Orbital Command  
  23  2:15  Reaper  
  24  2:28  Reaper  
  25  2:31  Supply Depot  
  25  2:37  Reaper  
  25  2:38  SCV  
  27  2:48  Reaper  
  27  3:01  Reaper  
  27  3:04  SCV  
  29  3:07  Supply Depot  
  29  3:09  Reaper  
  30  3:19  SCV  
  31  3:20  Reaper  
  32  3:31  SCV  
  32  3:33  Reaper  
  34  3:41  Reaper  
  34  3:43  SCV  
  36  3:52  Reaper  
  36  3:57  SCV  
  36  3:58  Command Center  
  37  4:05  Reaper  
  37  4:13  SCV  
  37  4:14  Reaper  
  39  4:19  Command Center  
  37  4:34  Barracks Tech Lab  
  37  4:35  SCV  
  37  4:47  Barracks Reactor, Barracks Tech Lab  
  37  4:49  SCV  
  37  4:52  Barracks  
  38  4:53  Barracks  
  38  4:54  Factory  
  38  4:56  Marine  
  39  5:01  SCV  
  39  5:07  Marine  
  40  5:08  Stimpack  
  40  5:13  Marine, SCV  
  43  5:22  Orbital Command  
  43  5:24  Marine  
  43  5:25  SCV  
  43  5:27  Marine  
  46  5:31  Marine  
  46  5:32  Marine  
  48  5:38  Orbital Command  
  48  5:41  Marine  
  48  5:42  Marine  
  52  5:50  Marauder  
  52  5:53  Starport  
  52  5:54  Factory Reactor  
  52  5:58  SCV  
  52  6:01  Marine x2  
  52  6:02  Marine  
  56  6:06  Marine  
  56  6:07  Marine  
  56  6:10  Marine  
  59  6:11  SCV x2  
  59  6:12  SCV  
  59  6:15  Combat Shields  
  62  6:19  Supply Depot, Marine  
  62  6:20  Marine  
  62  6:21  Marine  
  62  6:24  Marine, SCV  
  67  6:26  SCV  
  67  6:29  Supply Depot  
  65  6:33  Marine x2  
  65  6:36  SCV  
  65  6:37  Marine, SCV  
  65  6:38  Marine  
  65  6:39  Marine  
  72  6:43  Marine  
  69  6:50  Marine  
  69  6:51  Marine  
  68  6:54  Marine  
  68  6:55  Marine  
  68  6:57  Marine  
  68  7:01  Marine  
  49  7:08  Marine  
  49  7:09  Marine  
  49  7:12  Marine  
  49  7:13  Marine  
  49  7:14  Marine  
  50  7:18  Marine  
  50  7:20  Medivac x2  
  55  7:27  Marauder x2  
  59  7:30  Marine  
  59  7:31  Marine, SCV x2  
  63  7:39  SCV  
  60  7:51  Medivac x2  
  60  7:53  SCV  
  60  7:55  SCV  
  60  7:56  Marine x4  
  60  7:58  Marine  
  72  8:05  SCV  
  72  8:07  SCV  
  72  8:12  Marine  
  74  8:16  Marine x2  
  74  8:17  Marine x3  
  78  8:21  Medivac  
  78  8:24  SCV x2  
  82  8:29  Marine  
  82  8:31  Orbital Command  
  83  8:34  Marine x2  
  83  8:35  Marine  
  83  8:38  Ghost Academy  
  83  8:40  Barracks Tech Lab x2  
  86  8:47  Marine  
  88  8:48  SCV  
  88  8:52  Marine x2  
  88  8:53  Marine  
  81  9:04  Marine x2  
  81  9:05  Marine, Medivac x2  
  81  9:09  Marine  
  86  9:11  Marine  
  86  9:12  Marine  
  79  9:22  Ghost  
  79  9:23  Marine  
  79  9:24  Ghost  
  80  9:27  Marine  
  80  9:29  Marine  
  80  9:30  Marine  
  85  9:33  SCV x3  
  85  9:38  Medivac  
  90  9:39  Medivac  
  90  9:41  Marine  
  93  9:49  Supply Depot x2  
  93  9:51  Supply Depot  
  93  10:02  Engineering Bay  
  93  10:03  Engineering Bay  
  93  10:05  Refinery  
  93  10:08  Refinery  
  93  10:10  Marine x6, SCV x2  
  93  10:11  SCV  
  102  10:22  Supply Depot, SCV x2  
  102  10:24  Supply Depot  
  102  10:28  Marine x6  
Show
View Real Time Build Order
Export as new Build Order

IlIlIlIlIlIl Protoss - Winner!

Build Orders: 1 Gate Expand 

Get SALT Encoding   

  12  0:01  Probe (Chrono Boost)  
  13  0:11  Probe (Chrono Boost)  
  14  0:17  Pylon  
  14  0:22  Probe (Chrono Boost)  
  15  0:36  Gateway, Probe (Chrono Boost)  
  16  0:43  Assimilator  
  16  0:46  Probe (Chrono Boost)  
  18  0:57  Probe (Chrono Boost)  
  18  1:07  Probe (Chrono Boost)  
  19  1:23  Nexus  
  19  1:34  Cybernetics Core  
  19  1:35  Probe (Chrono Boost)  
  20  1:40  Assimilator  
  20  1:45  Probe (Chrono Boost)  
  21  1:53  Pylon  
  21  1:58  Probe (Chrono Boost)  
  23  2:08  Probe (Chrono Boost)  
  23  2:11  Adept  
  23  2:12  Warp Gate  
  25  2:19  Probe (Chrono Boost)  
  26  2:28  Robotics Facility  
  26  2:34  Mothership Core (Chrono Boost)  
  29  2:37  Probe (Chrono Boost)  
  29  2:46  Adept (Chrono Boost)  
  29  2:47  Probe (Chrono Boost)  
  31  2:53  Probe (Chrono Boost)  
  31  2:57  Probe (Chrono Boost)  
  33  3:03  Probe  
  33  3:07  Probe  
  33  3:12  Stalker (Chrono Boost)  
  35  3:15  Probe  
  35  3:19  Observer, Pylon  
  38  3:27  Probe  
  39  3:35  Twilight Council  
  39  3:37  Probe  
  39  3:40  Probe  
  40  3:45  Stalker (Chrono Boost)  
  42  3:55  Probe  
  43  3:59  Gateway  
  39  4:10  Pylon  
  39  4:13  Gateway  
  39  4:17  Blink (Chrono Boost)  
  37  4:26  Stalker  
  35  4:32  Probe  
  35  4:36  Immortal (Chrono Boost)  
  40  4:50  Stalker  
  42  4:53  Stalker  
  44  5:08  Stalker  
  46  5:16  Probe  
  46  5:17  Probe  
  48  5:22  Warp Prism (Chrono Boost)  
  48  5:26  Stalker  
  52  5:29  Probe  
  52  5:30  Stalker  
  56  5:41  Gateway  
  55  5:45  Gateway  
  55  5:48  Pylon  
  55  5:55  Stalker  
  57  5:58  Stalker  
  59  6:07  Stalker  
  59  6:08  Pylon  
  61  6:16  Probe x2  
  61  6:17  Pylon  
  63  6:32  Stalker x3  
  69  6:42  Stalker  
  69  6:43  Stalker  
  69  6:44  Probe x2  
  75  6:56  Probe x2  
  71  7:03  Stalker x2  
  65  7:09  Probe  
  65  7:10  Probe  
  63  7:19  Assimilator  
  63  7:21  Probe  
  62  7:23  Probe, Assimilator  
  62  7:27  Resonating Glaives (Chrono Boost)  
  63  7:31  Adept x2  
  63  7:33  Probe  
  63  7:34  Nexus  
  68  7:41  Adept x2  
  72  7:55  Pylon  
  72  7:57  Gateway x2  
  72  7:59  Immortal (Chrono Boost)  
  72  8:04  Adept  
  77  8:10  Adept  
  77  8:12  Pylon  
  79  8:17  Adept x2  
  81  8:23  Adept  
  83  8:31  Adept x2  
  87  8:35  Observer  
  87  8:36  Probe  
  87  8:39  Adept  
  87  8:40  Adept  
  93  8:47  Adept  
  89  9:03  Adept  
  89  9:04  Adept x3  
  89  9:05  Pylon  
  89  9:07  Probe x2  
  89  9:08  Probe  
  95  9:15  Warp Prism  
  96  9:19  Probe x2  
  96  9:21  Adept  
  96  9:22  Probe  
  103  9:26  Adept  
  105  9:34  Adept, Sentry x3  
  105  9:36  Adept  
  115  9:41  Pylon  
  115  9:48  Forge  
  115  10:02  Adept x3  
  115  10:03  Adept x2  
  115  10:05  Pylon  
  125  10:22  Pylon  
  125  10:24  Stalker  
  125  10:25  Stalker x3  
  133  10:29  Pylon  
  133  10:42  Adept x3  
  123  10:50  Stalker x4  
Tags
 
Add a new tag
Caveats
  • Supply blocks, unpowered buildings, or Contaminate may cause inaccurate times.
  • Supply counts are checked every 10 seconds.